 Dungeon Crawl Stone Soup version 0.21.0-3-g78d12a8 (webtiles) character file.

2429 Firecrotchwizard the Destroyer (level 9, -4/68 HPs)
             Began as a Green Draconian Conjurer on Jan 15, 2018.
             Was a Priest of Vehumet.
             Slain by fish's ghost (12 damage)
             ... on level 7 of the Dungeon.
             The game lasted 00:27:16 (10296 turns).

Firecrotchwizard the Destroyer (DrCj)              Turns: 10296, Time: 00:27:17

Health: -4/68      AC:  7    Str: 10    XL:     9   Next: 24%
Magic:  0/27       EV: 13    Int: 17    God:    Vehumet [***...]
Gold:   203        SH:  0    Dex: 12    Spells: 7/20 levels left

rFire    . . .     SeeInvis .   x - +1 whip of Bloody Death {drain, rN+ MP+9 Int-5 Stlth+} (curse)
rCold    . . .     Gourm    .   (no shield)
rNeg     + . .     Faith    .   (armour unavailable)
rPois    +         Spirit   .   (helmet restricted)
rElec    .         Reflect  .   (no cloak)
rCorr    .         Harm     .   (no gloves)
MR       .....                  (no boots)
Stlth    ++++......             (no amulet)
HPRegen  0.21/turn              s - ring of stealth {Stlth+}
MPRegen  0.20/turn              e - +3 ring of intelligence

@: no status effects
A: breathe noxious fumes, unfitting armour, poison resistance, cold-blooded, AC
+7
a: Breathe Noxious Fumes, Renounce Religion


You were on level 7 of the Dungeon.
You worshipped Vehumet.
Vehumet was most pleased with you.
You were not hungry.

You visited 1 branch of the dungeon, and saw 8 of its levels.

You collected 464 gold pieces.
You spent 261 gold pieces at shops.

Inventory:

Hand Weapons
 c - a +0 club
   (You took it off a hobgoblin on level 1 of the Dungeon)
 i - a +1 dagger of speed
   (You took it off a goblin on level 1 of the Dungeon)
 x - the cursed +1 whip of Bloody Death (weapon) {drain, rN+ MP+9 Int-5 Stlth+}
   (You found it on level 5 of the Dungeon)

   A truly terrible weapon, it drains the life of those it strikes.
   It affects your intelligence (-5).
   It protects you from negative energy.
   It affects your magic capacity (+9).
   It makes you more stealthy.
   It has a curse placed upon it.
Magical Staves
 z - an uncursed staff of fire {rF+}
   (You took it off a crimson imp on level 7 of the Dungeon)
Jewellery
 e - a +3 ring of intelligence (right hand)
   (You found it on level 2 of the Dungeon)
 f - an uncursed ring of resist corrosion
   (You found it on level 1 of the Dungeon)
 s - a ring of stealth (left hand) {Stlth+}
   (You bought it in a shop on level 5 of the Dungeon)
 B - an uncursed ring of positive energy {rN+}
   (You found it on level 8 of the Dungeon)
Wands
 h - a wand of random effects (57)
   (You took it off a goblin on level 3 of the Dungeon)
 o - a wand of flame (17)
   (You bought it in a shop on level 5 of the Dungeon)
 y - a wand of digging (18)
   (You found it on level 6 of the Dungeon)
 A - a wand of polymorph (15)
   (You found it on level 8 of the Dungeon)
Scrolls
 g - 4 scrolls of teleportation
 j - a scroll of fear
 l - 7 scrolls of identify
 p - 5 scrolls of blinking {!r}
 q - a scroll of enchant armour
Potions
 d - a potion of cancellation {unknown}
 k - a potion of agility
 r - a potion of mutation {unknown}
 t - a potion of berserk rage {unknown}
 v - 2 potions of curing {unknown}
 w - a potion of haste
Books
 a - a book of Conjurations {@e1}
Comestibles
 b - 4 rations {@e1}


   Skills:
 + Level 2.8 Fighting
 + Level 3.2 Dodging
 - Level 2.0 Stealth
 - Level 6.2 Spellcasting
 + Level 10.4 Conjurations
 - Level 1.0 Hexes


You had 7 spell levels left.
You knew the following spells:

 Your Spells              Type           Power        Failure   Level  Hunger
a - Magic Dart            Conj           ####         1%          1    None
b - Searing Ray           Conj           #####.       1%          2    None
c - Dazzling Spray        Conj/Hex       ###...       1%          3    ##.....
d - Mephitic Cloud        Conj/Pois/Air  ###.....     2%          3    ##.....
x - Iskenderun's Mystic   Conj           #####...     1%          4    ####...


Dungeon Overview and Level Annotations

Branches:
Dungeon (8/15)             Temple (0/1) D:5
   Lair: D:8-11

Altars:
Ashenzari
Dithmenos
Fedhas
Gozag
Makhleb
Okawaru
Qazlal
Trog
Vehumet
Wu Jian
Yredelemnul
The Shining One

Shops:
D:5 *   D:7 (

Annotations:
D:7 exclusions: 2 doors, gnoll and orc warrior, fish's ghost, novice TrMo


Innate Abilities, Weirdness & Mutations

You can breathe blasts of noxious fumes.
Your lurid green scales are hard. (AC +7)
You cannot fit into any form of body armour.
Your system is resistant to poisons. (rPois)
You are cold-blooded and may be slowed by cold attacks.


Message History

The magic dart hits the wyvern zombie.
The wyvern zombie closely misses you.
You now have 22/27 mp.
Aim: a wyvern zombie (moderately damaged)
The magic dart hits the wyvern zombie.
The wyvern zombie barely misses you.
Aim: a wyvern zombie (heavily damaged)
The magic dart hits the wyvern zombie.
The wyvern zombie bites you! The wyvern zombie barely misses you.
You take 9 damage, and have 32/68 hp.
You now have 21/27 mp.
Aim: a wyvern zombie (heavily damaged)
The magic dart hits the wyvern zombie.
The wyvern zombie misses you.
You now have 20/27 mp.
Aim: a wyvern zombie (heavily damaged)
The magic dart hits the wyvern zombie.
The wyvern zombie bites you.
You take 1 damage, and have 31/68 hp.
You now have 19/27 mp.
Aim: a wyvern zombie (heavily damaged)
The magic dart hits the wyvern zombie.
The wyvern zombie bites you! x2
* * * LOW HITPOINT WARNING * * *
You take 15 damage, and have 16/68 hp.
MASSIVE DAMAGE!!
You now have 18/27 mp.
Okay, then.
Aim: a wyvern zombie (severely damaged)
The magic dart hits the wyvern zombie.
The wyvern zombie bites you.
* * * LOW HITPOINT WARNING * * *
You take 4 damage, and have 12/68 hp.
Aim: a wyvern zombie (severely damaged)
The magic dart hits the wyvern zombie.
The wyvern zombie bites you.
* * * LOW HITPOINT WARNING * * *
You take 2 damage, and have 10/68 hp.
You now have 17/27 mp.
Aim: a wyvern zombie (almost destroyed)
The magic dart hits the wyvern zombie.
The wyvern zombie barely misses you. The wyvern zombie bites you.
* * * LOW HITPOINT WARNING * * *
You take 5 damage, and have 5/68 hp.
You now have 16/27 mp.
You hit the wyvern zombie.
You destroy the wyvern zombie!
Vehumet accepts your kill.
You feel your power returning.
You start resting.
A two-headed ogre comes into view.
It is wielding a giant club and a giant spiked club.
You regained 4 hp, and now have 9/68 hp.
You regained 4 mp, and now have 21/27 mp.
You see here an arrow.
You see here a worker ant corpse.
There is a stone staircase leading up here.
You start resting.
You regained 9 hp, and now have 21/68 hp.
MP restored: 27 You climb upwards.
Level annotation: exclusions: 2 doors, gnoll and orc warrior, fish's ghost, novice TrMo
There is a stone staircase leading down here.
You start resting.
You regained 36 hp, and now have 57/68 hp.
Aim: fish's ghost (hasn't noticed you)
The magic dart hits fish's ghost.
Fish's ghost turns its malevolent gaze towards you.
You now have 26/27 mp.
Aim: fish's ghost (lightly damaged)
The magic dart hits fish's ghost.
You now have 25/27 mp.
Aim: fish's ghost (lightly damaged)
The magic dart hits fish's ghost.
You now have 24/27 mp.
Aim: fish's ghost (lightly damaged)
The magic dart hits fish's ghost.
You now have 23/27 mp.
Aim: fish's ghost (lightly damaged)
The magic dart hits fish's ghost.
Fish's ghost says, "You will join me soon!"
Aim: fish's ghost (lightly damaged)
The orb of energy hits fish's ghost.
The orb of energy explodes!
You now have 19/27 mp.
Aim: fish's ghost (heavily damaged)
The orb of energy hits fish's ghost.
The orb of energy explodes!
Fish's ghost hits you!!
You take 22 damage, and have 37/68 hp.
MASSIVE DAMAGE!!
You now have 15/27 mp.
Aim: fish's ghost (severely damaged)
The orb of energy hits fish's ghost.
The orb of energy explodes!
Fish's ghost hits you but does no damage.
You now have 11/27 mp.
Aim: fish's ghost (almost destroyed)
The orb of energy hits fish's ghost.
Fish's ghost barely misses you.
You now have 7/27 mp.
Aim: fish's ghost (almost destroyed)
The orb of energy hits fish's ghost.
The orb of energy explodes!
Fish's ghost barely misses you.
You now have 4/27 mp.
Aim: fish's ghost (almost destroyed)
The orb of energy hits fish's ghost.
Fish's ghost hits you!
You take 15 damage, and have 23/68 hp.
MASSIVE DAMAGE!!
You now have 0/27 mp.
You barely miss fish's ghost. Fish's ghost hits you!
* * * LOW HITPOINT WARNING * * *
You take 15 damage, and have 8/68 hp.
MASSIVE DAMAGE!!
You hit fish's ghost. Fish's ghost hits you!
You die...

###...####.........####...##
##.## ##.......######..# #.#
##.........# ##.# #.#
##...####.# #.# #.# ##.##
#.# #.# #.# #.#####.####.#
#.# #.#..........# #.#
###.#.###.###### #.#
###....@....#
#.#####..#...W.####
#.......###..#.#
#######..#.....# #......###
#####.## #.# #.# #.#


You could see fish's ghost.

Vanquished Creatures
  Grinder (D:6)
  2 orc warriors
  5 ogres
  A centaur (D:8)
  4 bullfrogs
  A wyvern zombie (D:8)
  3 howler monkeys
  5 crimson imps
  3 hounds
  A jelly (D:8)
  A bullfrog skeleton (D:8)
  A centaur skeleton (D:4)
  2 orc priests (D:7)
  4 orc wizards
  Jessica (D:2)
  8 worker ants
  3 hound zombies
  2 hound skeletons
  Robin (D:2)
  5 gnolls
  11 adders
  3 oozes
  An adder skeleton (D:5)
  A worm (D:3)
  3 dart slugs
  5 leopard geckos
  20 orcs
  4 giant cockroaches
  13 hobgoblins
  3 jackals (D:1)
  10 kobolds
  2 quokkas
  2 ball pythons
  6 bats
  6 frilled lizards
  19 goblins
  4 jackal skeletons
  6 rats
173 creatures vanquished.

Vanquished Creatures (others)
  An orc wizard (D:6)
1 creature vanquished.

Grand Total: 174 creatures vanquished

Notes
Turn   | Place    | Note
-------+----------+-------------------------------------------
     0 | D:1      | Firecrotchwizard the Draconian Conjurer began the quest for the Orb.
     0 | D:1      | Reached XP level 1. HP: 14/14 MP: 3/3
   276 | D:1      | Reached skill level 2 in Stealth
   431 | D:1      | Reached skill level 2 in Dodging
   660 | D:1      | HP: 2/14 [hobgoblin/hand axe (5)]
   663 | D:1      | Reached XP level 2. HP: 3/20 MP: 0/5
  1468 | D:1      | Learned a level 2 spell: Searing Ray
  1606 | D:1      | Reached XP level 3. HP: 26/26 MP: 3/6
  2297 | D:2      | Found a radiant altar of Vehumet.
  2306 | D:2      | Became a worshipper of Vehumet
  2325 | D:2      | Found a bloodstained altar of Trog.
  2325 | D:2      | Noticed Jessica
  2499 | D:2      | Noticed Robin
  2536 | D:2      | Reached XP level 4. HP: 33/33 MP: 2/8
  2597 | D:2      | Killed Robin
  2597 | D:2      | Reached skill level 5 in Conjurations
  3082 | D:2      | Reached * piety under Vehumet
  3082 | D:2      | Offered knowledge of Sandblast by Vehumet.
  3099 | D:2      | Found an iron altar of Okawaru.
  3102 | D:2      | Reached skill level 3 in Spellcasting
  3232 | D:2      | Killed Jessica
  3232 | D:2      | Reached XP level 5. HP: 38/38 MP: 3/9
  3452 | D:2      | Found an opulent altar of Gozag.
  3470 | D:2      | Learned a level 3 spell: Dazzling Spray
  4699 | D:3      | Reached skill level 1 in Hexes
  4753 | D:4      | Reached skill level 6 in Conjurations
  4781 | D:4      | Noticed an ogre
  4809 | D:4      | Killed an ogre
  4809 | D:4      | Reached XP level 6. HP: 20/45 MP: 8/11
  5221 | D:4      | Reached ** piety under Vehumet
  5221 | D:4      | Offered knowledge of Shock by Vehumet.
  5221 | D:4      | Reached skill level 4 in Spellcasting
  5274 | D:4      | Learned a level 4 spell: Iskenderun's Mystic Blast
  5426 | D:4      | Found a shadowy altar of Dithmenos.
  5453 | D:5      | Entered Level 5 of the Dungeon
  5460 | D:5      | Found Vofe's Assorted Antiques.
  5466 | D:5      | Bought a worn bone wand for 116 gold pieces
  5466 | D:5      | Bought a notched emerald ring for 145 gold pieces
  5472 | D:5      | Found an ornate altar of the Wu Jian Council.
  5794 | D:5      | Found a stormy altar of Qazlal.
  5881 | D:5      | Found a glowing golden altar of the Shining One.
  5906 | D:5      | Reached skill level 7 in Conjurations
  5939 | D:5      | Found a staircase to the Ecumenical Temple.
  6060 | D:5      | Your scales start taking on a lurid green colour.
  6060 | D:5      | Reached XP level 7. HP: 50/50 MP: 5/13
  6060 | D:5      | Gained mutation: Your system is resistant to poisons. (rPois) [Green Draconian growth]
  6128 | D:5      | Found a burning altar of Makhleb.
  6175 | D:5      | Got a dazzling whip
  6176 | D:5      | Identified the cursed +1 whip of Bloody Death {drain, rN+ MP+9 Int-5 Stlth+} (You found it on level 5 of the Dungeon)
  6214 | D:5      | Found a shattered altar of Ashenzari.
  6484 | D:6      | Found a basalt altar of Yredelemnul.
  6774 | D:6      | Noticed Grinder
  6780 | D:6      | Killed Grinder
  6780 | D:6      | Reached skill level 8 in Conjurations
  7020 | D:6      | Reached skill level 5 in Spellcasting
  7150 | D:6      | Reached XP level 8. HP: 48/57 MP: 15/15
  7895 | D:6      | Offered knowledge of Mephitic Cloud by Vehumet.
  7900 | D:6      | Learned a level 3 spell: Mephitic Cloud
  8209 | D:7      | Reached skill level 9 in Conjurations
  8336 | D:7      | Reached *** piety under Vehumet
  8452 | D:7      | Noticed fish's ghost (novice TrMo)
  8494 | D:6      | Reached skill level 6 in Spellcasting
  8693 | D:7      | Found Reagak's Antique Weapon Emporium.
  9076 | D:7      | Found a blossoming altar of Fedhas.
  9184 | D:7      | Reached skill level 10 in Conjurations
  9466 | D:8      | Reached skill level 1 in Fighting
  9475 | D:8      | Reached XP level 9. HP: 39/64 MP: 6/18
  9610 | D:8      | HP: 13/67 [something (5)]
  9615 | D:7      | HP: 6/67 [fish's ghost (4)]
  9975 | D:8      | Reached skill level 2 in Fighting
 10014 | D:8      | Reached skill level 3 in Dodging
 10032 | D:8      | HP: 16/68 [wyvern zombie (9)]
 10035 | D:8      | HP: 5/68 [wyvern zombie (5)]
 10056 | D:8      | Noticed a two-headed ogre
 10295 | D:7      | HP: 8/68 [fish's ghost (15)]
 10296 | D:7      | Slain by fish's ghost

Skill      XL: |  1  2  3  4  5  6  7  8  9 |
---------------+----------------------------+-----
Stealth        | 2 |  2.0
Dodging        | 2 3 |  3.2
Conjurations   | 5 6 7 8 10 | 10.4
Spellcasting   | 3 4 5 6 |  6.2
Hexes          | 1 |  1.0
Fighting       | 1 2 |  2.8

Action                   |  1- 3 |  4- 6 |  7- 9 || total
-------------------------+-------+-------+-------++-------
Melee: Club              |    24 |       |       ||    24
       Tailslap          |     3 |     3 |     9 ||    15
       Dagger            |    20 |    18 |       ||    38
       Whip              |       |       |   111 ||   111
 Cast: Magic Dart        |    94 |   172 |   224 ||   490
       Searing Ray       |       |     4 |     1 ||     5
       Iskenderun's Myst |       |     1 |    32 ||    33
 Abil: Breathe Noxious F |       |       |     2 ||     2
  Use: Scroll            |     4 |     4 |     5 ||    13
       Potion            |       |       |     1 ||     1
 Stab: Confused          |       |       |     2 ||     2
  Eat: Chunk             |     6 |    11 |    13 ||    30
       Ration            |       |       |     2 ||     2
Armor: Skin              |    17 |    22 |    72 ||   111
Dodge: Dodged            |    53 |    32 |   165 ||   250

Vault maps used:
D:1:      lemuel_arrival_tunnels, minmay_tromino_v2
D:2:      bloody_trog, nicolae_gozag_seed_capital, okawaru_altar_gauntlet_db,
          vehumet_crystals, uniq_jessica, uniq_robin
D:3:      minmay_three_crescents
D:4:      lemuel_coloured_pillars_altar
D:5:      nicolae_qazlal_eye_of_the_storm, lemuel_round_altar,
          old_standard_altar, bloody_makhleb, temple_fountains, basic_altar,
          first_ration, serial_shops, shop, minmay_misc_feat_roman
D:6:      overflow_temple_1_default, roderic_lattice_a, uniq_grinder
D:7:      overflow_temple_1_default, serial_shops, shop
D:8:      kennysheep_little_box

Table legend:
 A = Turns spent in this place as a percentage of turns spent in the entire game.
 B = Non-inter-level travel turns spent in this place as a percentage of non-inter-level travel turns spent in the entire game.
 C = Inter-level travel turns spent in this place as a percentage of turns spent in this place.
 D = Turns resting spent in this place as a percentage of non-inter-level travel turns spent in this place.
 E = Turns spent auto-exploring this place as a percentage of non-inter-level travel turns spent in this place.
 F = Non-inter-level travel turns spent in this place divided by the number of levels of this place that you've seen.
                   A       B       C       D       E      F
               +-------+-------+-------+-------+-------+----------------------
         Total | 100.0 | 100.0 |   3.1 |  45.4 |  38.9 | 1246.6
       Dungeon | 100.0 | 100.0 |   3.1 |  45.4 |  38.9 | 1246.6
               +-------+-------+-------+-------+-------+----------------------

Table legend:
 A = Kills in this place as a percentage of kills in entire the game.
 B = Kills by you in this place as a percentage of kills by you in the entire game.
 C = Kills by friends in this place as a percentage of kills by friends in the entire game.
 D = Other kills in this place as a percentage of other kills in the entire game.
 E = Experience gained in this place as a percentage of experience gained in the entire game.
 F = Experience gained in this place divided by the number of levels of this place that you have seen.
                   A       B       C       D       E      F
               +-------+-------+-------+-------+-------+----------------------
         Total | 100.0 | 100.0 |   N/A | 100.0 | 100.0 | 433.8
       Dungeon | 100.0 | 100.0 |   N/A | 100.0 | 100.0 | 433.8
               +-------+-------+-------+-------+-------+----------------------
